 Dungeon Crawl Stone Soup version 0.29-a0-872-g797fff5ad1 (console) character file.

Game seed: 17788884601144079699

1522 Banquo the Conjurer (level 8, -6/52 HPs)
             Began as an Octopode Conjurer on July 18, 2022.
             Was a Follower of Vehumet.
             Mangled by an orc warrior
             ... wielding a +0 battleaxe
              (18 damage)
             ... on level 6 of the Dungeon on July 19, 2022.
             The game lasted 00:24:05 (6586 turns).

Banquo the Conjurer (Octopode Conjurer)             Turns: 6586, Time: 00:24:06

Health: -6/52      AC:  1    Str:  7    XL:     8   Next: 84%
Magic:  1/16       EV: 12    Int: 25    God:    Vehumet [*.....]
Gold:   271        SH:  3    Dex: 10    Spells: 15/18 levels left

rFire   . . .      SeeInvis +   a - +9 dagger {elec, rPois rF- Will+++ Int+3}
rCold   + . .      Faith    .   i - +0 buckler of Insecurity {rF+ SInv}
rNeg    . . .      Spirit   .   (helmet restricted)
rPois   +          Reflect  .   A - amulet of the acrobat
rElec   .          Harm     .   C - ring of protection from cold
rCorr   .          Rampage  .   (no ring)
Will    +++..                   (no ring)
Stlth   ++++......              (no ring)
HPRegen 0.17/turn               (no ring)
MPRegen 0.15/turn               (no ring)
                                (no ring)
                                (no ring)

@: mighty
A: almost no armour, amphibious, 8 rings, camouflage 1, gelatinous body 1,
(nimble swimmer 1), tentacles
a: Renounce Religion


You were on level 6 of the Dungeon.
You worshipped Vehumet.
Vehumet was aware of your devotion.
You visited 2 branches of the dungeon, and saw 7 of its levels.

You collected 271 gold pieces.

Inventory:

Hand Weapons
 a - the +9 dagger of the Purple Skies (weapon) {elec, rPois rF- Will+++ Int+3}
   (You found it on level 2 of the Dungeon)

   It occasionally discharges a powerful burst of electricity upon striking a
   foe.
   Int:       It affects your intelligence (+3).
   rF:        It makes you vulnerable to fire.
   rPois:     It protects you from poison.
   Will:      It greatly increases your willpower.
 b - a +4 dagger of venom
 m - a +0 broad axe
 p - a +1 trident of flaming
Missiles
 h - 45 stones
Armour
 i - the +0 buckler of Insecurity (worn) {rF+ SInv}
   (You acquired it on level 6 of the Dungeon)

   rF:        It protects you from fire.
   SInv:      It lets you see invisible.
Jewellery
 t - an amulet of faith
 v - a ring of ice
 w - a ring of ice
 A - an amulet of the acrobat (around mantle)
 C - a ring of protection from cold (left tentacle)
Wands
 f - a wand of flame (14)
Scrolls
 c - 3 scrolls of fear
 l - 2 scrolls of enchant weapon
 o - a scroll of amnesia
 q - a scroll of teleportation
 s - a scroll of noise
 x - a scroll of immolation {unknown}
 y - 2 scrolls of vulnerability {unknown}
Potions
 d - a potion of degeneration {unknown}
 e - a potion of attraction {unknown}
 g - 2 potions of might
 j - a potion of resistance
 k - 2 potions of berserk rage {unknown}
 n - a potion of haste {unknown}
 r - 2 potions of curing {unknown}
 z - a potion of lignification {unknown}
 B - a potion of heal wounds {unknown}
 D - a potion of brilliance
 W - a potion of magic


   Skills:
 * Level 3.0 Fighting
 * Level 2.8 Short Blades
 + Level 2.4 Dodging
 + Level 5.0 Stealth
 * Level 1.3 Shields
 * Level 5.9 Spellcasting
 * Level 7.6 Conjurations


You had 15 spell levels left.
You knew the following spells:

 Your Spells              Type           Power      Damage    Failure   Level
a - Magic Dart            Conj           100%       1d8       1%          1
r - Searing Ray           Conj           90%        2d7       1%          2

Your spell library contained the following spells:

 Spells                   Type           Power      Damage    Failure   Level
 Sandblast                Erth           14%        2d6       10%         1
 Dazzling Flash           Conj/Hex       52%        N/A       6%          3
 Fulminant Prism          Conj/Hex       13%        3d9       21%         4
 Iskenderun's Mystic Bla  Conj/Tloc      26%        2d7       21%         4


Dungeon Overview and Level Annotations

Branches:
Dungeon (6/15)             Temple (1/1) D:5

Altars:
Gozag
Hepliaklqana
Makhleb
Ru
Vehumet
Yredelemnul

Shops:
D:1 [   D:2 :   D:5 *

Annotations:
D:3 2 runed translucent doors, Grinder; ertgterg's ghost, amateur FeEn
D:4 Ogre


Innate Abilities, Weirdness & Mutations

You cannot wear most types of armour.
You are amphibious.
You can wear up to eight rings at the same time.
Your skin changes colour to match your surroundings (Stealth+).
Your rubbery body absorbs attacks. (AC +1, EV +1)
((You are camouflaged when in or above water. (Stealth+)))
You have tentacles for arms and can constrict up to eight enemies at once.


Message History

The orc warrior is heavily wounded.
The searing ray misses the orc.
You finish channelling your searing ray.
The orc warrior completely misses you.
Casting: Searing Ray (safe; 1% risk of failure)
Confirm with . or Enter, or press ? or * to list all spells.
Aiming: Searing Ray (safe; 1% risk of failure)
Press: ? - help, Shift-Dir - straight line, f/p - orc warrior
Aim: an orc warrior, wielding a +0 battleaxe and wearing a +0 plate armour (heavily wounded, 82% to hit)
The searing ray misses the orc warrior.
The searing ray hits the orc!
You kill the orc!
Vehumet accepts your kill. (Press . to maintain the ray.)
The orc warrior hits you with a +0 battleaxe!
The searing ray hits the orc warrior but does no damage.
The orc warrior is heavily wounded.
The orc warrior closely misses you.
The searing ray hits the orc warrior but does no damage.
The orc warrior is heavily wounded.
The orc warrior completely misses you.
The searing ray hits the orc warrior.
The orc warrior is severely wounded.
You finish channelling your searing ray.
The orc warrior hits you with a +0 battleaxe!
Unknown command.
Casting: Searing Ray (safe; 1% risk of failure)
Confirm with . or Enter, or press ? or * to list all spells.
Aiming: Searing Ray (safe; 1% risk of failure)
Press: ? - help, Shift-Dir - straight line, f/p - orc warrior
Aim: an orc warrior, wielding a +0 battleaxe and wearing a +0 plate armour (severely wounded, 82% to hit)
The searing ray hits the orc warrior.
The orc warrior is almost dead. (Press . to maintain the ray.)
The orc warrior hits you with a +0 battleaxe!!
* * * LOW HITPOINT WARNING * * *
Unknown command.
It was a potion of might.
You feel very mighty all of a sudden.
The orc warrior hits you with a +0 battleaxe!!
You die...

#.###### #.. ##....... #.#
#§.###### #.# #..#####. ###
#)# #§#...... .... #)#
#§#..###.
.....##)########§##.###.
.......o......#...#..###
#@#######._.#..#
#......##...#..#
##......######.#
........#........#.#.#.###
.........#..###............
.........#.........##.#.###
........#........)...#.#..
#....#.#.#......#.......#
#....#.#....##..#.#......


You could see an orc warrior.

Vanquished Creatures
  A steam dragon (D:5)
  2 water moccasins
  2 ice beasts (D:6)
  A black bear (D:6)
  An ogre (D:5)
  2 bullfrogs
  A necrophage (D:5)
  A scorpion (D:5)
  A crimson imp (D:4)
  2 jellies (D:5)
  7 hounds
  An orc priest (D:6)
  An orc wizard (D:3)
  Natasha (thrice) (D:2)
  7 adders
  2 shadow imps (D:6)
  A white imp (D:4)
  3 worms
  15 orcs
  5 ball pythons
  2 bats (D:3)
  4 endoplasms
  3 giant cockroaches
  4 goblins
  4 hobgoblins
  5 frilled lizards
  4 kobolds
  2 rats (D:1)
87 creatures vanquished.

Notes
Turn   | Place    | Note
-------+----------+-------------------------------------------
     0 | D:1      | Banquo the Octopode Conjurer began the quest for the Orb.
     0 | D:1      | Reached XP level 1. HP: 11/11 MP: 3/3
   134 | D:1      | Found Huunacw's Antique Armour Shop.
   736 | D:1      | Found a faded altar of an unknown god.
   890 | D:2      | Reached XP level 2. HP: 16/17 MP: 0/5
   944 | D:2      | Learned a level 2 spell: Searing Ray
   950 | D:2      | Found Todo's Book Emporium.
   987 | D:2      | Identified the +9 dagger of the Purple Skies {elec, rPois
                  | rF- Will+++ Int+3}
  1322 | D:2      | Reached XP level 3. HP: 21/21 MP: 3/6
  1567 | D:2      | Noticed Natasha
  1569 | D:2      | Killed Natasha
  1570 | D:2      | Reached skill level 5 in Conjurations
  1570 | D:2      | Reached XP level 4. HP: 27/27 MP: 3/7
  1682 | D:2      | Noticed Natasha
  1750 | D:2      | Killed Natasha
  1764 | D:2      | Noticed Natasha
  1769 | D:2      | Killed Natasha
  1770 | D:2      | Reached skill level 1 in Short Blades
  2067 | D:3      | Reached XP level 5. HP: 32/32 MP: 3/8
  2127 | D:3      | Reached skill level 1 in Fighting
  2518 | D:3      | Found a radiant altar of Vehumet.
  2526 | D:3      | Became a worshipper of Vehumet
  2595 | D:3      | Noticed Grinder
  2880 | D:3      | Found a runed translucent door.
  2880 | D:3      | Noticed ertgterg's ghost (amateur FeEn)
  2893 | D:3      | Found a runed translucent door.
  2911 | D:4      | Noticed an ogre
  3294 | D:4      | Reached XP level 6. HP: 38/38 MP: 10/10
  3702 | D:4      | Found a sacrificial altar of Ru.
  3908 | D:5      | Entered Level 5 of the Dungeon
  4068 | D:5      | Noticed a steam dragon
  4217 | D:5      | Found an opulent altar of Gozag.
  4261 | D:5      | Found Gozag's Platinum Reserve.
  4266 | D:5      | Noticed a water moccasin
  4271 | D:5      | Killed a water moccasin
  4272 | D:5      | Reached skill level 6 in Conjurations
  4272 | D:5      | Reached XP level 7. HP: 44/44 MP: 6/13
  4602 | D:5      | Reached * piety under Vehumet
  4602 | D:5      | Offered knowledge of Sandblast by Vehumet.
  4638 | D:5      | Found a staircase to the Ecumenical Temple.
  4887 | D:5      | Found a burning altar of Makhleb.
  5012 | Temple   | Entered the Ecumenical Temple
  5063 | D:5      | Killed a steam dragon
  5064 | D:5      | Reached skill level 5 in Spellcasting
  5064 | D:5      | Reached skill level 7 in Conjurations
  5064 | D:5      | Reached XP level 8. HP: 28/50 MP: 5/15
  5533 | D:6      | Identified a scroll of acquirement
  5533 | D:6      | Acquired the +0 buckler of Insecurity {rF+ SInv}
  6025 | D:6      | Identified the +0 scale mail of the Circus Animal {rElec
                  | Regen+}
  6203 | D:6      | Reached skill level 1 in Shields
  6374 | D:6      | Reached skill level 5 in Stealth
  6476 | D:6      | Found a hazy altar of Hepliaklqana.
  6586 | D:6      | Mangled by an orc warrior

Illustrated notes

Levels and vault maps discovered:
D:1:      roderic_chinese_lattice_arrival, layout_basic, serial_shops, shop,
          dreamdust_ecumenical_altar_hidden_monk_grotto, minmay_misc_feat_five,
          patterned_corridor
D:2:      layout_rooms, serial_shops, nicolae_lakefront_shop,
          chequers_serial_rivers_room_a, minmay_misc_feat_secret_circle,
          uniq_natasha
D:3:      layout_rooms, nicolae_vehumet_altar_sigil, ebering_ghost_sewer_f,
          uniq_grinder
D:4:      layout_loops_ring, nicolae_ru_path_of_blood, minivault_23,
          minmay_fire_ice_demons
D:5:      layout_loops_ring, makhleb_heckhound_becter,
          nicolae_gozag_zags_fifth_avenue, minmay_temple_entry_statues,
          roderic_serpentine_path, minmay_misc_feat_chi,
          chequers_serial_rivers_large_a
D:6:      layout_basic, nzn_hepliaklqana_mist_gate
Temple:   dshaligram_water_room_temple

Skill      XL: |  1  2  3  4  5  6  7  8 |
---------------+-------------------------+-----
Conjurations   | 5 6 7 |  7.6
Short Blades   | 1 2 |  2.8
Fighting       | 1 2 3 |  3.0
Stealth        | 3 4 5 |  5.0
Spellcasting   | 3 4 5 |  5.9
Shields        | 1 |  1.3
Dodging        | |  2.4

Action                   |  1- 3 |  4- 6 |  7- 9 || total
-------------------------+-------+-------+-------++-------
Melee: Constrict         |     2 |     2 |     1 ||     5
       Unarmed           |     2 |       |       ||     2
       Dagger            |     2 |    13 |     7 ||    22
       Tentacles         |       |     1 |     1 ||     2
 Cast: Magic Dart        |    31 |    80 |    30 ||   141
       Searing Ray       |     1 |     7 |    22 ||    30
  Use: Scroll            |       |       |     8 ||     8
       Potion            |       |       |     1 ||     1
 Stab: Sleeping          |       |     2 |     2 ||     4
Armor: Skin              |       |     1 |     1 ||     2
Dodge: Dodged            |     4 |     7 |    22 ||    33
Block: Buckler           |       |       |     1 ||     1

Table legend: (Time is in decaauts)
 A = Elapsed time spent in this place.
 B = Non-inter-level travel time spent in this place.
 C = Inter-level travel time spent in this place.
 D = Time resting spent in this place.
 E = Time spent auto-exploring this place.
 F = Levels seen in this place.
 G = Mean time per level.
                   A        B        C        D        E       F      G
               +--------+--------+--------+--------+--------+-----+--------+
         Total |   6587 |   6252 |    335 |   1688 |   3232 |   7 |  941.0 |
       Dungeon |   6546 |   6211 |    335 |   1648 |   3232 |   6 | 1091.0 |
        Temple |     41 |     41 |      0 |     40 |      0 |   1 |   41.0 |
               +--------+--------+--------+--------+--------+-----+--------+

Top non-repeatable levels by time:
     D:5: 1538 daAuts
     D:2: 1287 daAuts
     D:4: 1074 daAuts
     D:6: 983 daAuts
     D:1: 881 daAuts
     D:3: 780 daAuts
  Temple: 41 daAuts
